 Dungeon Crawl Stone Soup version 0.18.1-8-gdd0e5ea (webtiles) character file.

150 georgeearnest the Shield-Bearer (level 5, -3/42 HPs)
             Began as a Formicid Fighter on June 6, 2016.
             Slain by deorigin's ghost (6 damage)
             ... on level 4 of the Dungeon.
             The game lasted 00:04:32 (2474 turns).

georgeearnest the Shield-Bearer (Formicid Fighter)  Turns: 2474, Time: 00:04:33

Health: -3/42      AC:  7    Str: 22    XL:     5   Next: 58%
Magic:  5/5        EV: 14    Int:  7    God:
Gold:   39         SH: 10    Dex: 15    Spells: 0 memorised, 4 levels left

rFire  . . .     SeeInvis +     a - +0 war axe
rCold  . . .     Gourm    +     b - +0 scale mail
rNeg   . . .     Faith    .     c - +0 shield
rPois  .         Spirit   .     (helmet unavailable)
rElec  .         Dismiss  .     (no cloak)
rCorr  .         Reflect  .     (no gloves)
SustAt .         Harm     .     (no boots)
MR     .....                    k - amulet of the gourmand
Stlth  +.........               (no ring)
                                n - ring of teleportation (curse)

@: agile, not resistant to hostile enchantments, very unstealthy
A: permanent stasis, dig shafts and tunnels, four strong arms, antennae 3
a: Dig, Shaft Self


You were on level 4 of the Dungeon.
You were not hungry.

You visited 1 branch of the dungeon, and saw 4 of its levels.

You collected 39 gold pieces.

Inventory:

Hand Weapons
 a - a +0 war axe (weapon)
Armour
 b - a +0 scale mail (worn)
 c - a +0 shield (worn)
Jewellery
 k - an amulet of the gourmand (around neck)
 n - a cursed ring of teleportation (left hand)
Scrolls
 f - a scroll of fog {unknown}
 g - a scroll of immolation {unknown}
 i - 4 scrolls of identify {unknown}
 j - a scroll of teleportation {unknown}
 m - a scroll of fear {unknown}
Potions
 d - a potion of berserk rage
 h - a potion of magic
Comestibles
 o - a bread ration
 p - a meat ration


   Skills:
 + Level 4.2 Fighting
 + Level 3.1 Axes
 + Level 3.9 Armour
 + Level 1.5 Dodging
 + Level 4.4 Shields


You had 4 spell levels left.
You didn't know any spells.

Dungeon Overview and Level Annotations

Branches:
Dungeon (4/15)
 Temple: D:4-7

Altars:

Annotations:
D:3 Scarto's ghost, amateur DsFi
D:4 deorigin's ghost, amateur DrTm


Innate Abilities, Weirdness & Mutations

You are under a permanent stasis effect.
You can dig through walls and to a lower floor.
Your four strong arms can wield two-handed weapons with a shield.
You have a pair of large antennae on your head (SInv).


Message History

You miss deorigin's ghost.
Deorigin's ghost is moderately damaged.
Deorigin's ghost closely misses you.
You barely miss deorigin's ghost.
Deorigin's ghost is moderately damaged.
Deorigin's ghost hits you.
* * * LOW HITPOINT WARNING * * *
Deorigin's ghost hits you but does no damage.
Drink which item? (? for menu, Esc to quit)
It was a potion of curing.
You feel better. Deorigin's ghost hits you.
* * * LOW HITPOINT WARNING * * *
Drink which item? (? for menu, Esc to quit)
It was a potion of magic.
Magic courses through your body. Deorigin's ghost hits you.
* * * LOW HITPOINT WARNING * * *
Drink which item? (? for menu, Esc to quit)
It was a potion of agility.
You feel agile all of a sudden. Deorigin's ghost hits you.
You die...

.. .# .## ..#
..# ..#
##########?.###
#.....<..@W...#
#.########..#.#
..# #.# .# ##


You could see deorigin's ghost.

Vanquished Creatures
  Terence (D:3)
  2 adders (D:2)
  5 gnolls
  4 dart slugs
  3 giant geckos
  2 giant cockroaches (D:1)
  7 goblins
  7 hobgoblins
  7 kobolds
  A quokka (D:2)
  A ball python (D:2)
  6 bats
  A giant newt (D:2)
  5 rats
52 creatures vanquished.

Notes
Turn   | Place    | Note
--------------------------------------------------------------
     0 | D:1      | georgeearnest the Formicid Fighter began the quest for the Orb.
     0 | D:1      | Reached XP level 1. HP: 18/18 MP: 1/1
   322 | D:1      | Reached XP level 2. HP: 19/24 MP: 2/2
   574 | D:1      | Reached XP level 3. HP: 30/30 MP: 3/3
  1203 | D:2      | Reached XP level 4. HP: 6/37 MP: 4/4
  1207 | D:2      | Reached skill level 1 in Dodging
  1614 | D:2      | Reached XP level 5. HP: 42/42 MP: 5/5
  1862 | D:2      | Found a faded altar to an unknown god.
  2328 | D:3      | Noticed Terence
  2338 | D:3      | Noticed Scarto's ghost (amateur DsFi)
  2339 | D:3      | Killed Terence
  2439 | D:4      | Noticed deorigin's ghost (amateur DrTm)
  2471 | D:4      | HP: 2/42 [deorigin's ghost (4)]
  2474 | D:4      | Slain by deorigin's ghost

Skill      XL: |  1  2  3  4  5 |
---------------+----------------+-----
Shields        | 4 |  4.4
Fighting       | 4 |  4.2
Dodging        | 1 |  1.5
Axes           | 3 |  3.1
Armour         | |  3.9

Action                   |  1- 3 |  4- 6 || total
-------------------------+-------+-------++-------
Melee: War axe           |   100 |    96 ||   196
 Abil: Dig               |     2 |     4 ||     6
  Use: Potion            |     1 |     4 ||     5
  Eat: Bread ration      |     2 |       ||     2
       Meat ration       |       |     1 ||     1
       Chunk             |       |     1 ||     1
Armor: Scale mail        |    38 |    38 ||    76
Dodge: Dodged            |    30 |    40 ||    70
Block: Shield            |    50 |    66 ||   116
